 Dungeon Crawl Stone Soup version 0.32-a0-306-gfed3edf829 (webtiles) character file.

Game seed: 9672072255964623265

229 PriceMaster the Digger (level 6, -2/54 HPs)
             Began as an Octopode Earth Elementalist on Feb 15, 2024.
             Slain by an orc wizard
             ... wielding a +0 dagger
              (3 damage)
             ... on level 3 of the Dungeon.
             The game lasted 00:02:56 (2463 turns).

PriceMaster the Digger (OpEE)                       Turns: 2463, Time: 00:02:57

Health: -2/54      AC:  1    Str:  7    XL:     6   Next: 3%
Magic:  2/11       EV: 13    Int: 19    God:
Gold:   129        SH:  0    Dex: 13    Spells: 6/12 levels left

rFire   . . .        b - +0 short sword
rCold   + . .        (no shield)
rNeg    + . .        (helmet restricted)
rPois   .            (no amulet)
rElec   .            d - ring of positive energy
rCorr   .            g - ring of protection from cold
SInv    .            (no ring)
Will    .....        (no ring) Stlth
                     (no ring)
HPRegen 0.29/turn    (no ring)
MPRegen 0.12/turn    (no ring)
                     (no ring)

%: no passive effects
@: berserking (expiring), very quick
A: almost no armour, amphibious, 8 rings, camouflage 1, gelatinous body 1,
(nimble swimmer 1), tentacles
a: no special abilities


You were on level 3 of the Dungeon.
You visited 1 branch of the dungeon, and saw 3 of its levels.

You collected 129 gold pieces.

Inventory:

Hand Weapons
 b - a +0 short sword (weapon)
Jewellery
 d - a ring of positive energy (left tentacle)
 g - a ring of protection from cold (right tentacle)
 h - a ring of willpower
 m - a ring of magical power
Scrolls
 c - a scroll of blinking {unknown}
 e - a scroll of acquirement {unknown}
 f - 2 scrolls of poison {unknown}
 i - a scroll of revelation {unknown}
 k - a scroll of identify {unknown}
 l - a scroll of torment {unknown}
 o - a scroll of enchant armour {unknown}
 p - a scroll of teleportation {unknown}
Potions
 a - a potion of magic
 n - a potion of heal wounds {unknown}
 q - a potion of degeneration {unknown}


   Skills:
 + Level 0.1 Fighting
 + Level 2.2 Dodging
 + Level 3.9 Stealth
 + Level 3.8 Spellcasting
 + Level 1.0 Conjurations
 + Level 0.1 Air Magic
 + Level 4.7 Earth Magic
 + Level 0.1 Alchemy


You had 6 spell levels left.
You knew the following spells:

 Your Spells              Type           Power      Damage    Failure   Level
a - Sandblast             Erth           42%        2d11      1%          1
b - Stone Arrow           Conj/Erth      28%        3d8       13%         3
c - Cigotuvi's Dreadful   Necr/Alch/Air  8%         N/A       21%         2

Your spell library contained the following spells:

 Spells                   Type           Power      Damage    Failure   Level
 Passwall                 Erth           21%        N/A       6%          3
 Brom's Barrelling Bould  Conj/Erth      14%        2d4       38%         4
 Petrify                  Alch/Erth      12%        N/A       45%         4
 Ignite Poison            Fire/Alch      3%         N/A       80%         4
 Freezing Cloud           Conj/Ice/Air   2%         6-21      97%         5


Dungeon Overview and Level Annotations

Branches:
Dungeon (3/15)

Altars:


Innate Abilities, Weirdness & Mutations

You cannot wear most types of armour.
You are amphibious.
You can wear up to eight rings at the same time.
Your skin changes colour to match your surroundings (Stealth+).
Your rubbery body absorbs attacks. (AC +1, EV +1)
((You are camouflaged when in or above water. (Stealth+)))
You have tentacles for arms and can constrict up to eight enemies at once.


Message History

You are frozen.
You resist.
The blast of sand hits the endoplasm!!
You kill the endoplasm!
You feel sick. Something hits you.
Casting: Sandblast (safe; 1% risk of failure)
Confirm with . or Enter, or press ? or * to list all spells.
Aiming: Stone Arrow (quite dangerous; 13% risk of failure)
Press: ? - help, Shift-Dir - straight line You feel sick.
The orc hits you with a +0 flail! Something hits you.
* * * LOW HITPOINT WARNING * * *
Unknown command.
Casting: Stone Arrow (quite dangerous; 13% risk of failure)
Confirm with . or Enter, or press ? or * to list all spells.
You don't have enough magic to cast this spell.
It was a potion of berserk rage.
A red film seems to cover your vision as you go berserk!
You feel yourself moving faster!
You feel mighty!
You feel sick. The orc closely misses you. Something hits you.
* * * LOW HITPOINT WARNING * * *
You miss something. Your squeeze misses something. You closely miss something.
Your squeeze misses something.
You feel sick. Something hits you.
* * * LOW HITPOINT WARNING * * *
The orc hits you with a +0 flail.
* * * LOW HITPOINT WARNING * * *
Your magical contamination has completely faded away.
You puncture the orc!
You kill the orc!
You feel sick.
You are no longer poisoned.
Something hits you.
* * * LOW HITPOINT WARNING * * *
You miss something. You closely miss something. Your squeeze misses something.
Something hits you.
* * * LOW HITPOINT WARNING * * *
You miss something. Your squeeze misses something. You miss something.
Something hits you.
* * * LOW HITPOINT WARNING * * *
You miss something. Something hits you.
You die...

.....###.#####.#
.......<.......####
##
##.#####.#####.....
.. #.# #.# #.#### #.
#.# #.# #.# #..#.#
#.# ##.# #..#.#####.#
##..# #
#.##..{.......###...#
#
......)@########...##
#
#.#..........##..[.#
# #..#######.#....##
#. ####.....## ####
.. ..##....## ....
### #.##...##...####
#. #.##..##....# #..
#.##.##....#
##...###.##.#..[.. ##


There were no monsters in sight!

Vanquished Creatures
  Natasha (thrice) (D:2)
  An orc wizard (D:3)
  2 adders (D:2)
  2 dart slugs
  A ribbon worm (D:2)
  7 orcs (D:3)
  5 ball pythons
  9 endoplasms
  2 giant cockroaches
  2 goblins
  7 hobgoblins
  4 jackals
  2 kobolds
  A quokka (D:1)
  4 bats
  2 frilled lizards
  2 rats (D:1)
56 creatures vanquished.

Notes
Turn   | Place    | Note
-------+----------+-------------------------------------------
     0 | D:1      | PriceMaster the Octopode Earth Elementalist began the quest
                  | for the Orb.
     0 | D:1      | Reached XP level 1. HP: 11/11 MP: 3/3
   297 | D:1      | Reached XP level 2. HP: 17/17 MP: 3/5
   457 | D:1      | Reached XP level 3. HP: 17/21 MP: 4/6
   483 | D:1      | Learned a level 3 spell: Stone Arrow
  1254 | D:2      | Identified the +0 robe "Niuroyfy" {Rampage rF- rC+++
                  | Regen+}
  1378 | D:2      | Reached skill level 4 in Earth Magic
  1463 | D:2      | Learned a level 2 spell: Cigotuvi's Dreadful Rot
  1578 | D:2      | Reached XP level 4. HP: 23/23 MP: 1/8
  1682 | D:2      | Noticed Natasha
  1687 | D:2      | Killed Natasha
  1804 | D:2      | You fall into a shaft and drop 1 floor!
  1891 | D:2      | Noticed Natasha
  1895 | D:2      | Killed Natasha
  1938 | D:2      | Reached XP level 5. HP: 30/30 MP: 3/9
  2193 | D:2      | Noticed Natasha
  2198 | D:2      | Killed Natasha
  2451 | D:3      | Reached XP level 6. HP: 33/36 MP: 7/11
  2460 | D:3      | HP: 1/54 [something (4)]
  2463 | D:3      | Slain by an orc wizard

Illustrated notes

Levels and vault maps discovered:
D:1:      elethiomel_arrival_quiet, layout_basic
D:2:      layout_loops_cross, uniq_natasha
D:3:      layout_loops_ring, nrook_mini_backslash

Skill      XL: |  1  2  3  4  5 |
---------------+----------------+-----
Earth Magic    | 4 |  4.7
Spellcasting   | 3 |  3.8
Stealth        | 3 |  3.9
Fighting       | |  0.1
Dodging        | |  2.2
Conjurations   | |  1.0
Air Magic      | |  0.1
Alchemy        | |  0.1

Action                     |  1- 3 |  4- 6 || total
---------------------------+-------+-------++-------
  Melee: Short sword       |     3 |    27 ||    30
         Tentacles         |     2 |     7 ||     9
         Constrict         |     2 |     3 ||     5
   Cast: Sandblast         |    22 |    27 ||    49
         Stone Arrow       |    10 |     4 ||    14
         Cigotuvi's Dreadf |     2 |     1 ||     3
    Use: Potion            |       |     2 ||     2
   Stab: Sleeping          |       |     5 ||     5
 Armour: Skin              |     3 |    26 ||    29
  Dodge: Dodged            |    14 |    17 ||    31

Table legend: (Time is in decaauts)
 A = Elapsed time spent in this place.
 B = Non-inter-level travel time spent in this place.
 C = Inter-level travel time spent in this place.
 D = Time resting spent in this place.
 E = Time spent auto-exploring this place.
 F = Levels seen in this place.
 G = Mean time per level.
                   A        B        C        D        E       F      G
               +--------+--------+--------+--------+--------+-----+--------+
         Total |   2484 |   2434 |     50 |     57 |   2059 |   3 |  828.0 |
       Dungeon |   2484 |   2434 |     50 |     57 |   2059 |   3 |  828.0 |
               +--------+--------+--------+--------+--------+-----+--------+

Top non-repeatable levels by time:
     D:2: 1124 daAuts
     D:1: 1106 daAuts
     D:3: 253 daAuts
